 Dungeon Crawl Stone Soup version 0.26-a0-70-g31f1466007 (webtiles) character file.

Game seed: 11898464770944545666

12 Gargoyl the Skirmisher (level 2, -1/26 HPs)
             Began as a Centaur Abyssal Knight on June 14, 2020.
             Was a Follower of Lugonu.
             Killed by divine providence
             ... invoked by a smoke demon
              (16 damage)
             ... on level 1 of the Abyss.
             The game lasted 00:00:48 (237 turns).

Gargoyl the Skirmisher (Centaur Abyssal Knight)      Turns: 237, Time: 00:00:49

Health: -1/26      AC:  4    Str: 14    XL:     2   Next: 20%
Magic:  3/3        EV:  9    Int: 11    God:    Lugonu [*.....]
Gold:   17         SH:  0    Dex:  8    Spells: 1/1 levels left

rFire    . . .     SeeInvis .   a - +1 hand axe
rCold    . . .     Gourm    .   (no shield)
rNeg     . . .     Faith    .   b - +0 leather armour
rPois    .         Spirit   .   (no helmet)
rElec    .         Reflect  .   (no cloak)
rCorr    .         Harm     .   (no gloves)
MR       .....     Rnd*Rage +   (no barding)
Stlth    ..........             (no amulet)
HPRegen  0.00/turn              (no ring)
MPRegen  0.08/turn              (no ring)

@: non-regenerating, mildly diseased, very quick
A: large, hooves 3, berserk 1, deformed body, speed 2, tough skin 3
a: Depart the Abyss, Renounce Religion


You were on level 1 of the Abyss.
You worshipped Lugonu.
Lugonu was aware of your devotion.
You were not hungry.

You visited 0 branches of the dungeon, and saw 0 of its levels.
You visited the Abyss 1 time.

You collected 17 gold pieces.

Inventory:

Hand Weapons
 a - a +1 hand axe (weapon)
Armour
 b - a +0 leather armour (worn)
Comestibles
 c - a ration


   Skills:
 + Level 3.4 Fighting
 + Level 1.8 Axes
 + Level 1.4 Armour
 + Level 0.6 Dodging
 + Level 2.2 Invocations


You had one spell level left.
You didn't know any spells.
Your spell library was empty.

Dungeon Overview and Level Annotations

Branches:
Dungeon (0/15)

Altars:


Innate Abilities, Weirdness & Mutations

You have hooves in place of feet.
Armour fits poorly on your strangely shaped body.
You cover ground very quickly.
You have extremely tough skin. (AC +3)
You tend to lose your temper in combat.


Message History

You feel less invigorated.
You feel less confused. The ufetubus closely misses you.
The ufetubus barely misses you.
An ufetubus comes into view.
The ufetubus shouts!
The ufetubus hits you but does no damage.
The ufetubus closely misses you.
You miss the ufetubus. The ufetubus hits you. The ufetubus closely misses you.
You hit the ufetubus.
The ufetubus is moderately wounded.
The ufetubus hits you. The ufetubus closely misses you.
The ufetubus hits you but does no damage.
The ufetubus hits you.
You hit the ufetubus.
You kill the ufetubus!
You have reached level 2!
The smoke demon gestures at you. Something smites you!
Ouch! That really hurt!
You die...

.# #. # #. .# #.
. # ##. #.#...
#..#.. #.## .
#....###.#.# ##
#@x.#.#.
#.#.#3.####
##3####..### #
#.##.......# ## #
#
#.#.x..###..##3.#
#.#.##...##.#
##.#3
...#..##....# .
#.##3.# ### # 3##
# #.###.#. ...#


You could see an ancient zyme, a smoke demon and a ynoxinul.

Vanquished Creatures
  A white imp (Abyss:1)
  An ufetubus (Abyss:1)
2 creatures vanquished.

Notes
Turn   | Place    | Note
-------+----------+-------------------------------------------
     0 | Abyss:1  | Gargoyl the Centaur Abyssal Knight began the quest for the
                  | Orb.
     0 | Abyss:1  | Reached XP level 1. HP: 19/19 MP: 2/2
    75 | Abyss:1  | Noticed a small abomination
    82 | Abyss:1  | Found a bloodstained altar of Trog.
    84 | Abyss:1  | Noticed a large abomination
   189 | Abyss:1  | Noticed a smoke demon
   202 | Abyss:1  | Noticed a ynoxinul
   205 | Abyss:1  | Noticed an ancient zyme
   215 | Abyss:1  | Noticed a shining eye
   215 | Abyss:1  | Gained mutation: You tend to lose your temper in combat. [a
                  | shining eye]
   237 | Abyss:1  | Reached XP level 2. HP: 15/26 MP: 3/3
   237 | Abyss:1  | Killed from afar by a smoke demon

Illustrated notes

Levels and vault maps discovered:
Abyss:1

Action                   || total
-------------------------++-------
Melee: Hand axe          ||     8
       Kick              ||     1
  Use: Potion            ||     2
       Scroll            ||     1
Armor: Leather armour    ||     4
Dodge: Dodged            ||     8

Table legend:
 A = Non-vault XP
 B = Vault XP
 C = Vault XP percentage of total XP
 D = Non-vault monster count
 E = Vault monster count
 F = Vault count percentage of total count
                 A         B        C        D         E       F
            +---------+---------+-------+---------+---------+-------
      Total |      18 |       0 |   0.0 |       2 |       0 |   0.0
            +---------+---------+-------+---------+---------+-------
    Abyss:1 |      18 |       0 |   0.0 |       2 |       0 |   0.0
            +---------+---------+-------+---------+---------+-------
